[Event "Titled Tuesday Blitz June 28 Late 2022"]
[White "Salem, A.R. Saleh"]
[Black "Navarrete Mendez, Gonzalo Alberto"]
[WhiteFideId "9301348"]
[BlackFideId "5106850"]
[WhiteElo "2679"]
[BlackElo "2261"]
[Result "1-0"]
[Round "06"]
[TimeControl "180+1"]
[Date "2022.06.28"]
[WhiteClock "0:02:11"]
[BlackClock "0:00:47"]

1. d4 d5 2. c4 dxc4 3. e4 b5 4. a4 c6 5. Nc3 a6 6. Nf3 Nf6 7. e5 Nd5 8. Be2 e6 9. O-O Nxc3 10. bxc3 Nd7 11. Ng5 Be7 12. h4 h6 13. Nxe6 fxe6 14. Bh5+ Kf8 15. Qf3+ Nf6 16. axb5 Qd5 17. exf6 gxf6 18. bxc6 a5 19. Re1 a4 20. Qg4 Qf5 21. Qxf5 exf5 22. Bf4 a3 23. d5 1-0


[Site "https://www.chess.com"]

[Event "Titled Tuesday Blitz June 28 Late 2022"]
[White "Sanchez Alarcon, Juan"]
[Black "Leve, Nitai"]
[WhiteFideId "3401332"]
[BlackFideId "2006898"]
[WhiteElo "2164"]
[BlackElo "2144"]
[Result "1-0"]
[Round "06"]
[TimeControl "180+1"]
[Date "2022.06.29"]
[WhiteClock "0:01:39"]
[BlackClock "0:00:01"]

1. e4 e6 2. d4 d5 3. Nc3 Nf6 4. e5 Nfd7 5. f4 c5 6. Nf3 Nc6 7. Be3 cxd4 8. Nxd4 Bc5 9. Qd2 a6 10. O-O-O O-O 11. h4 Bxd4 12. Bxd4 b5 13. h5 b4 14. Ne2 Qa5 15. Kb1 Nxd4 16. Nxd4 Qc5 17. h6 g6 18. g4 a5 19. Re1 Ba6 20. Bxa6 Rxa6 21. f5 Rc8 22. Rhf1 exf5 23. gxf5 a4 24. e6 fxe6 25. fxe6 Nb6 26. Rf7 Nc4 27. Qf4 b3 28. Qf6 bxc2+ 29. Ka1 Qxd4 30. Qxd4 Ne5 31. Rg7+ Kh8 32. Rc1 Rxe6 33. Qd2 a3 34. bxa3 Nf3 35. Qf4 Re1 36. Rf7 Rxc1+ 37. Qxc1 1-0


[Site "https://www.chess.com"]

[Event "Titled Tuesday Blitz June 28 Late 2022"]
[White "Sargsyan, Anna M."]
[Black "Prydun, Andriy"]
[WhiteFideId "13308130"]
[BlackFideId "14145898"]
[WhiteElo "2271"]
[BlackElo "2063"]
[Result "1-0"]
[Round "06"]
[TimeControl "180+1"]
[Date "2022.06.29"]
[WhiteClock "0:00:06"]
[BlackClock "0:00:01"]

1. d4 Nf6 2. c4 d6 3. Nc3 Nbd7 4. g3 e5 5. Bg2 c6 6. Nf3 Qe7 7. O-O g6 8. e4 Bg7 9. Re1 O-O 10. Qc2 Re8 11. h3 a6 12. Be3 Rb8 13. Rad1 b5 14. cxb5 axb5 15. b4 Bb7 16. g4 exd4 17. Nxd4 Ne5 18. Bf4 Nfd7 19. a4 bxa4 20. Nxa4 Rec8 21. Qd2 Ba6 22. Nc3 Nd3 23. Bg5 f6 24. Qa2+ Kh8 25. Qxa6 Nxe1 26. Nxc6 Rxc6 27. Qxc6 Nxg2 28. Bc1 Nh4 29. Qc7 Qd8 30. Qxd6 Nf3+ 31. Kg2 Nfe5 32. f4 Rb6 33. Qd5 Qc8 34. fxe5 Qxc3 35. Qxd7 1-0


[Site "https://www.chess.com"]

[Event "Titled Tuesday Blitz June 28 Late 2022"]
[White "Schekachikhin, Maksim"]
[Black "Hansen, Eric"]
[WhiteFideId "24177830"]
[BlackFideId "2606771"]
[WhiteElo "2239"]
[BlackElo "2568"]
[Result "1-0"]
[Round "06"]
[TimeControl "180+1"]
[Date "2022.06.28"]
[WhiteClock "0:00:27"]
[BlackClock "0:00:01"]

1. d4 Nf6 2. c4 e6 3. Nc3 Bb4 4. e3 O-O 5. Bd3 b6 6. Ne2 Bb7 7. O-O c5 8. a3 Ba5 9. Bd2 Nc6 10. Rb1 Qe7 11. Qc2 Rac8 12. Rfd1 Rfd8 13. d5 Ne5 14. e4 a6 15. Bg5 exd5 16. Nxd5 Bxd5 17. exd5 Nxd3 18. Rxd3 b5 19. Ng3 Re8 20. Re3 Qd6 21. Nf5 Qb6 22. Ne7+ Rxe7 23. Rxe7 h6 24. Bxf6 Qxf6 25. Qe4 Kf8 26. Rxd7 Re8 27. Qf3 Qg6 28. Rd1 bxc4 29. g3 Kg8 30. Kg2 Re5 31. d6 Rf5 32. Qe2 Qf6 33. Re7 Kh7 34. f4 g6 35. Re5 c3 36. bxc3 Bxc3 37. Rxf5 gxf5 38. d7 Ba5 39. Qe5 Qc6+ 40. Qd5 Qb5 41. Qxf5+ Kg7 42. Qe5+ Kg6 43. d8=Q Bxd8 44. Rxd8 Qc6+ 45. Kh3 1-0


[Site "https://www.chess.com"]

[Event "Titled Tuesday Blitz June 28 Late 2022"]
[White "Shapiro, Daniel"]
[Black "Kovacevic, Radmila"]
[WhiteFideId "2001780"]
[BlackFideId "933171"]
[WhiteElo "2279"]
[BlackElo "2115"]
[Result "0-1"]
[Round "06"]
[TimeControl "180+1"]
[Date "2022.06.29"]
[WhiteClock "0:00:31"]
[BlackClock "0:00:06"]

1. d4 e5 2. dxe5 Nc6 3. Bf4 Qe7 4. Nc3 Qb4 5. Qc1 Nd4 6. e3 Ne6 7. Bg3 c6 8. Nf3 h5 9. h3 h4 10. Bh2 Nh6 11. Bd3 g6 12. O-O Be7 13. a3 Qb6 14. Ne4 Nf5 15. Nf6+ Kf8 16. Ne4 Kg7 17. Rd1 Rh5 18. Nd6 Nxd6 19. exd6 Bf6 20. c3 Nc5 21. Bc2 a5 22. e4 Ne6 23. e5 Bd8 24. b4 axb4 25. axb4 Ra6 26. Bd3 Ra7 27. Qb2 Ng5 28. Be2 Ne4 29. Bd3 Rxa1 30. Rxa1 Ng3 31. Ra8 Rf5 32. Rxc8 Rxf3 33. gxf3 Bg5 34. Kg2 Nh5 35. Rc7 Bf4 36. Rxd7 Bxh2 37. Kxh2 Kf8 38. Qb3 Qxf2+ 39. Kh1 Ng3# 0-1


[Site "https://www.chess.com"]

[Event "Titled Tuesday Blitz June 28 Late 2022"]
[White "Steinberg, Nitzan"]
[Black "Plazuelo Pascual, Juan"]
[WhiteFideId "2801795"]
[BlackFideId "32059566"]
[WhiteElo "2471"]
[BlackElo "2359"]
[Result "1-0"]
[Round "06"]
[TimeControl "180+1"]
[Date "2022.06.28"]
[WhiteClock "0:00:07"]
[BlackClock "0:00:08"]

1. Nf3 d5 2. d4 Nf6 3. Bf4 c5 4. e3 Nc6 5. c3 Nh5 6. Be5 f6 7. Bg3 e6 8. Bd3 g6 9. Nbd2 Nxg3 10. hxg3 Kf7 11. a3 cxd4 12. cxd4 Bd7 13. b4 Rc8 14. g4 Bg7 15. e4 e5 16. dxe5 Bxg4 17. exd5 Bxf3 18. e6+ Ke7 19. Nxf3 Qxd5 20. O-O Rhd8 21. Bc2 Qxd1 22. Bxd1 f5 23. Ra2 Kxe6 24. Ng5+ Kd7 25. Rd2+ Nd4 26. Re1 Kc7 27. Re7+ Rd7 28. Rxd7+ Kxd7 29. Nf3 Rc4 30. Be2 Rc1+ 31. Kh2 Kc7 32. Nxd4 Bh6 33. Rc2+ Rxc2 34. Nxc2 Kd6 35. Bf3 b6 36. Nd4 Bc1 37. g3 a5 38. bxa5 bxa5 39. a4 Kc5 40. Ne6+ Kc4 41. Bc6 Bd2 42. Nf8 g5 43. Nxh7 f4 44. g4 Kc5 45. Bf3 Be1 46. Kg2 Kd4 47. Nxg5 Bd2 48. Nh3 Kc5 49. g5 Kb4 50. Bd1 Kc3 51. Kf3 1-0


[Site "https://www.chess.com"]

[Event "Titled Tuesday Blitz June 28 Late 2022"]
[White "Svane, Rasmus"]
[Black "Domingo Nunez, Ruben"]
[WhiteFideId "4657101"]
[BlackFideId "22245570"]
[WhiteElo "2674"]
[BlackElo "2376"]
[Result "1-0"]
[Round "06"]
[TimeControl "180+1"]
[Date "2022.06.28"]
[WhiteClock "0:00:58"]
[BlackClock "0:00:15"]

1. Nf3 g6 2. e4 Bg7 3. d4 c6 4. c3 d5 5. exd5 cxd5 6. Bd3 Nc6 7. O-O Bf5 8. Re1 e6 9. Bf1 Nf6 10. h3 O-O 11. Bf4 Qb6 12. Qb3 Na5 13. Qa3 Rfd8 14. Nbd2 Bc2 15. Rac1 Bf5 16. g4 Be4 17. Ng5 Bf8 18. Qa4 Nc6 19. b4 Rac8 20. Ngxe4 dxe4 21. Nxe4 Nd5 22. Bg5 Be7 23. Bxe7 Ncxe7 24. Qb3 Nf4 25. Rcd1 h5 26. Qb2 hxg4 27. hxg4 Kg7 28. c4 e5 29. d5 f6 30. d6 Nc6 31. c5 Qxb4 32. Qxb4 Nxb4 33. Rb1 Nbd3 34. Rxb7+ Kh6 35. Bxd3 Nxd3 36. Re3 Nf4 37. g5+ fxg5 38. Nf6 g4 39. Rxe5 Nd3 40. Rh7# 1-0


[Site "https://www.chess.com"]

[Event "Titled Tuesday Blitz June 28 Late 2022"]
[White "Tanenbaum, Zachary"]
[Black "Ahn, Hongjin"]
[WhiteFideId "2060850"]
[BlackFideId "13201492"]
[WhiteElo "2697"]
[BlackElo "2507"]
[Result "1-0"]
[Round "06"]
[TimeControl "180+1"]
[Date "2022.06.29"]
[WhiteClock "0:00:06"]
[BlackClock "0:00:02"]

1. e4 c5 2. Nf3 Nc6 3. Nc3 e6 4. d4 cxd4 5. Nxd4 a6 6. g3 b5 7. Bg2 Bb7 8. O-O Nge7 9. Nb3 Ng6 10. Re1 Be7 11. Nd5 O-O 12. Nxe7+ Qxe7 13. a4 b4 14. a5 d6 15. Nd4 Nce5 16. Bd2 d5 17. exd5 Bxd5 18. Bxd5 exd5 19. Nc6 Qd6 20. Nxb4 Rab8 21. c3 d4 22. cxd4 Qxd4 23. Bc3 Qxd1 24. Rexd1 Nc4 25. Nxa6 Rb5 26. b4 h5 27. Nc5 h4 28. Kg2 Re8 29. a6 Nb6 30. a7 Kh7 31. Rd6 Ra8 32. Rc6 Nc8 33. Rc7 hxg3 34. hxg3 Rb6 35. Rxf7 Kh6 36. Rxg7 Kg5 37. Ra5 Kh6 38. Rg8 Kh7 39. Rxc8 Rxc8 40. a8=Q Rxa8 41. Rxa8 Kh6 42. Ra6 Rb8 43. Rc6 Kg5 44. Ne4+ Kh6 45. Bd2+ Kg7 46. Rc7+ Kf8 47. Nf6 1-0


[Site "https://www.chess.com"]

[Event "Titled Tuesday Blitz June 28 Late 2022"]
[White "Thiel, Thomas"]
[Black "Urbina Perez, Juan Antonio"]
[WhiteFideId "4615964"]
[BlackFideId "2217368"]
[WhiteElo "2244"]
[BlackElo "2192"]
[Result "1-0"]
[Round "06"]
[TimeControl "180+1"]
[Date "2022.06.29"]
[WhiteClock "0:00:29"]
[BlackClock "0:00:01"]

1. e4 e5 2. Nf3 Nf6 3. Nxe5 d6 4. Nf3 Nxe4 5. d4 d5 6. Bd3 Bd6 7. O-O O-O 8. c4 c6 9. Nc3 Nxc3 10. bxc3 dxc4 11. Bxc4 Bf5 12. Re1 Nd7 13. h3 Qa5 14. Qb3 b5 15. Bf1 Rfe8 16. Bd2 Qa3 17. Qxa3 Bxa3 18. c4 a6 19. Rxe8+ Rxe8 20. Bc1 Bb4 21. Bb2 Nb6 22. cxb5 axb5 23. Rc1 Na4 24. Ba1 Be4 25. Ne5 Bd2 26. Rd1 Bb4 27. Rc1 Re6 28. Bd3 Bd5 29. Bf5 Rf6 30. Bg4 g6 31. Bf3 Re6 32. Nxc6 Bxf3 33. Nxb4 Bb7 34. d5 Re2 35. Bf6 Re8 36. Rc7 Bc8 37. d6 Nb6 38. Bd4 Nd7 39. Nd5 f5 40. Rxd7 Bxd7 41. Nf6+ Kf7 42. Nxd7 Rd8 43. Ne5+ Ke6 44. d7 b4 45. Kf1 Ra8 46. Ke2 Ke7 47. Kd3 Rxa2 48. Bc5+ Kd8 49. Bb6+ Ke7 50. d8=Q+ Ke6 51. Qd4 Ra3+ 52. Ke2 b3 53. Bc7 Ra2+ 54. Kf3 Ra6 55. Qd7+ Kf6 56. Qd5 Kg5 57. Qxb3 h5 58. Qe3+ Kf6 59. h4 1-0


[Site "https://www.chess.com"]

[Event "Titled Tuesday Blitz June 28 Late 2022"]
[White "Tologon tegin, Semetei"]
[Black "Zhigalko, Sergei"]
[WhiteFideId "13800574"]
[BlackFideId "13502956"]
[WhiteElo "2174"]
[BlackElo "2662"]
[Result "0-1"]
[Round "06"]
[TimeControl "180+1"]
[Date "2022.06.28"]
[WhiteClock "0:00:17"]
[BlackClock "0:00:15"]

1. Nf3 d5 2. g3 c6 3. Bg2 Bg4 4. d3 Nd7 5. O-O e6 6. e4 Bd6 7. Qe1 Ne7 8. Nbd2 O-O 9. h3 Bh5 10. b3 a5 11. a3 Re8 12. Bb2 f6 13. exd5 Nxd5 14. c4 Nc7 15. d4 e5 16. dxe5 Nxe5 17. Nxe5 Bxe5 18. Bxe5 Rxe5 19. Qc1 Qd3 20. g4 Bg6 21. Nf3 Ree8 22. Rb1 Qxb1 23. Qxb1 Bxb1 24. Rxb1 Ne6 25. Bf1 Rad8 26. b4 axb4 27. axb4 Nd4 28. Nxd4 Rxd4 29. b5 c5 30. Ra1 b6 31. Kg2 Kf7 32. Kg3 g5 33. Bg2 Rd3+ 34. Kh2 Re2 35. Kg1 Rdd2 36. Bd5+ Ke7 37. Ra7+ Kd6 38. Rb7 Rxf2 39. Rxb6+ Ke5 40. Re6+ Kd4 41. b6 Rfe2 42. Rxf6 Re1+ 43. Rf1 Rxf1+ 44. Kxf1 Rb2 45. b7 h6 46. Kg1 Ke5 47. Kf1 Kf4 48. Ke1 Kg3 49. Kd1 Kxh3 50. Kc1 Rb6 51. Kd2 Kxg4 52. Ke3 h5 53. Ke4 h4 54. Ke5 h3 55. Be4 Kg3 56. Kd5 Rxb7 57. Kxc5 Re7 58. Bd5 Re1 59. Kd6 h2 60. c5 h1=Q 61. Bxh1 Rxh1 62. c6 Rc1 63. c7 g4 64. Kd7 Kf3 65. c8=Q Rxc8 66. Kxc8 g3 67. Kd7 g2 68. Kc6 g1=Q 69. Kd6 Qg4 70. Kc5 Qe4 71. Kd6 Kf4 72. Kd7 Qe5 73. Kd8 Qg7 74. Kc8 Ke5 75. Kb8 Kd6 76. Ka8 Kc6 77. Kb8 Qb7# 0-1


[Site "https://www.chess.com"]

[Event "Titled Tuesday Blitz June 28 Late 2022"]
[White "Tristan, Leonardo"]
[Black "Vovk, Orest"]
[WhiteFideId "113816"]
[BlackFideId "14113490"]
[WhiteElo "2404"]
[BlackElo "2203"]
[Result "1-0"]
[Round "06"]
[TimeControl "180+1"]
[Date "2022.06.29"]
[WhiteClock "0:00:56"]
[BlackClock "0:00:45"]

1. d4 h6 2. e4 g5 3. h4 Bg7 4. c3 g4 5. Qxg4 Bf8 6. Qd1 d5 7. e5 c5 8. dxc5 Nc6 9. Nf3 Bg4 10. Bf4 e6 11. b4 Nge7 12. Bb5 a6 13. Ba4 Ng6 14. Bg3 Bg7 15. Qd4 h5 16. Nbd2 Kf8 17. Bxc6 bxc6 18. O-O Ne7 19. a4 Nf5 20. Qd3 Nxg3 21. fxg3 Bh6 22. Nd4 Qd7 23. N2f3 Kg7 24. Ng5 Bxg5 25. hxg5 Qe7 26. Rf6 Rac8 27. Raf1 Kg8 28. g6 Bf5 29. gxf7+ Kf8 30. R1xf5 exf5 31. Ne6+ Qxe6 32. Rxe6 Kxf7 33. Qxf5+ 1-0


[Site "https://www.chess.com"]

[Event "Titled Tuesday Blitz June 28 Late 2022"]
[White "Van Foreest, Jorden"]
[Black "Sadhwani, Raunak"]
[WhiteFideId "1039784"]
[BlackFideId "35093487"]
[WhiteElo "2609"]
[BlackElo "2616"]
[Result "1/2-1/2"]
[Round "06"]
[TimeControl "180+1"]
[Date "2022.06.28"]
[WhiteClock "0:02:58"]
[BlackClock "0:02:53"]

1. Nf3 d5 2. g3 g6 3. Bg2 Bg7 4. d4 Nf6 5. O-O O-O 6. Bf4 c6 7. Qc1 Bf5 8. c3 Qc8 9. Bh6 Bh3 10. Bxg7 Kxg7 11. Nbd2 Bxg2 12. Kxg2 c5 1/2-1/2


[Site "https://www.chess.com"]

[Event "Titled Tuesday Blitz June 28 Late 2022"]
[White "Vidonyak, Roman"]
[Black "Souleidis, Georgios"]
[WhiteFideId "14100622"]
[BlackFideId "4206827"]
[WhiteElo "2350"]
[BlackElo "2401"]
[Result "0-1"]
[Round "06"]
[TimeControl "180+1"]
[Date "2022.06.29"]
[WhiteClock "0:00:04"]
[BlackClock "0:00:12"]

1. d4 Nf6 2. c4 g6 3. h4 c5 4. d5 d6 5. Nc3 e6 6. e4 exd5 7. exd5 Bg7 8. Be2 O-O 9. h5 Re8 10. h6 Bh8 11. Bg5 a6 12. Kf1 Qb6 13. b3 Nbd7 14. Nf3 Ne5 15. Nxe5 Rxe5 16. Bf4 Re8 17. g4 Ne4 18. Nxe4 Rxe4 19. Be3 Bd7 20. Kg2 Rae8 21. Rc1 Qc7 22. Bf3 R4e7 23. Qd2 Qc8 24. g5 Qd8 25. Bf4 Be5 26. Be3 Bd4 27. Bf4 Re5 28. Rhe1 b5 29. Bxe5 Bxe5 30. cxb5 axb5 31. Re2 f6 32. gxf6 Qxf6 33. Kg1 Qh4 34. Rce1 Qh2+ 35. Kf1 Bh3+ 0-1


[Site "https://www.chess.com"]

[Event "Titled Tuesday Blitz June 28 Late 2022"]
[White "Vivas Zamora, Fabian Ernesto"]
[Black "Nikologorsky, Matfei"]
[WhiteFideId "3902480"]
[BlackFideId "24102474"]
[WhiteElo "2014"]
[BlackElo "2231"]
[Result "0-1"]
[Round "06"]
[TimeControl "180+1"]
[Date "2022.06.29"]
[WhiteClock "0:00:04"]
[BlackClock "0:00:15"]

1. e4 c5 2. Nc3 e6 3. Nf3 a6 4. d4 cxd4 5. Nxd4 Qc7 6. Bd3 Nc6 7. Nxc6 dxc6 8. O-O Nf6 9. f4 e5 10. Kh1 Bc5 11. Na4 Bd6 12. f5 O-O 13. c4 Nd7 14. Be3 b5 15. Nc3 Bc5 16. Rf3 Bxe3 17. Rxe3 Qd6 18. Qh5 Nf6 19. Qh4 Rd8 20. g4 Bb7 21. g5 Nd7 22. Rh3 Nf8 23. Rg1 b4 24. Ne2 Qxd3 25. Rxd3 Rxd3 26. Ng3 c5 27. f6 g6 28. Qg4 Ne6 29. Rd1 Rad8 30. Rxd3 Rxd3 31. Qe2 Rd4 32. h4 h6 33. gxh6 Kh7 34. b3 Nf4 35. Qe3 Kxh6 36. h5 Kg5 37. hxg6 Kxg6 38. Nf5 Bxe4+ 39. Kh2 Bxf5 40. Qxe5 Rd2+ 41. Kg3 Nh5+ 42. Kf3 Rd3+ 43. Ke2 Rc3 44. Qxc5 Nf4+ 45. Kd2 Rc2+ 46. Kd1 Nd3 47. Qg1+ Kxf6 48. Qd4+ Kg6 49. Qg1+ Kf6 50. Qd4+ Ne5 51. Qd6+ Be6 52. c5 Rc3 53. c6 Rd3+ 54. Qxd3 Nxd3 55. Kc2 Nc5 56. a3 bxa3 57. b4 Ne4 58. Kb1 Ke7 59. Ka1 Kd6 60. b5 axb5 61. Kb1 Kxc6 62. Ka1 Kc5 0-1


[Site "https://www.chess.com"]

[Event "Titled Tuesday Blitz June 28 Late 2022"]
[White "Voege, Tobias"]
[Black "Khan, Taffin"]
[WhiteFideId "1270513"]
[BlackFideId "19700024"]
[WhiteElo "2379"]
[BlackElo "1999"]
[Result "1-0"]
[Round "06"]
[TimeControl "180+1"]
[Date "2022.06.29"]
[WhiteClock "0:00:31"]
[BlackClock "0:00:02"]

1. e4 c5 2. Nf3 e6 3. c3 d5 4. exd5 Qxd5 5. d4 Nf6 6. Be2 Be7 7. O-O Nc6 8. c4 Qd8 9. dxc5 Bxc5 10. Qxd8+ Nxd8 11. Nc3 a6 12. a3 Bd7 13. b4 Be7 14. Bb2 O-O 15. Rfd1 Be8 16. c5 Nc6 17. Rd2 Rd8 18. Rad1 Rxd2 19. Rxd2 Bd7 20. Na4 Rd8 21. Nb6 Be8 22. Kf1 Kf8 23. h3 Rxd2 24. Nxd2 Nd7 25. Nc8 Bf6 26. Bxf6 Nxf6 27. Nc4 Bd7 28. N8b6 Ke7 29. Nd6 Nd8 30. Bf3 Bc6 31. Bxc6 bxc6 32. Ke2 Nd5 33. Ndc8+ Ke8 34. Nxd5 exd5 35. g3 Kd7 36. Nb6+ Ke6 37. Na4 Ke5 38. Kd3 Ne6 39. f4+ Kf5 40. Ke3 f6 41. g4+ Kg6 42. f5+ Kf7 43. fxe6+ Kxe6 44. Nc3 Ke5 45. Ne2 g6 46. Nd4 f5 47. gxf5 gxf5 48. Nxc6+ Ke6 49. Nd4+ Ke5 50. Ne2 h5 51. a4 h4 52. b5 axb5 53. axb5 f4+ 54. Nxf4 d4+ 55. Kf3 Kf5 56. b6 Ke5 57. b7 1-0


[Site "https://www.chess.com"]

[Event "Titled Tuesday Blitz June 28 Late 2022"]
[White "Wang, Isaac"]
[Black "Rios Escobar, Adan"]
[WhiteFideId "30977185"]
[BlackFideId "3403645"]
[WhiteElo "2316"]
[BlackElo "2461"]
[Result "0-1"]
[Round "06"]
[TimeControl "180+1"]
[Date "2022.06.29"]
[WhiteClock "0:00:01"]
[BlackClock "0:00:41"]

1. d4 Nf6 2. c4 g6 3. Nc3 Bg7 4. e4 d6 5. Nf3 O-O 6. Be2 Na6 7. Be3 e5 8. O-O Qe7 9. Qc2 exd4 10. Nxd4 Re8 11. f3 c6 12. a3 Nc7 13. Rad1 d5 14. cxd5 cxd5 15. Bg5 h6 16. Bh4 dxe4 17. Nxe4 g5 18. Nxf6+ Bxf6 19. Bf2 Nd5 20. Bb5 Ne3 21. Qd3 Nxd1 22. Bxe8 Nxf2 23. Bxf7+ Qxf7 24. Rxf2 Bg7 25. Re2 Bd7 26. Nb3 Re8 27. Rd2 Qe6 28. Nd4 Qe1+ 0-1


[Site "https://www.chess.com"]

[Event "Titled Tuesday Blitz June 28 Late 2022"]
[White "Winkels, Marcel"]
[Black "Carrasco Miranda, Andres"]
[WhiteFideId "1003887"]
[BlackFideId "3405990"]
[WhiteElo "1900"]
[BlackElo "2177"]
[Result "0-1"]
[Round "06"]
[TimeControl "180+1"]
[Date "2022.06.29"]
[WhiteClock "0:00:09"]
[BlackClock "0:00:11"]

1. e4 c5 2. Nf3 d6 3. Nc3 Nf6 4. d4 cxd4 5. Nxd4 a6 6. a3 g6 7. Be3 Bg7 8. f3 O-O 9. Qd2 b5 10. h4 h5 11. O-O-O Qa5 12. Nb3 Qc7 13. Be2 Be6 14. g4 Bxb3 15. cxb3 b4 16. axb4 Nc6 17. Nd5 Nxd5 18. exd5 Nxb4+ 19. Bc4 Qa5 20. Qe2 Rac8 21. Rh2 hxg4 22. fxg4 Nxd5 23. Kb1 Nb4 24. Bd4 Bxd4 25. Rxd4 Qa2+ 26. Kc1 Qa1+ 27. Kd2 Qxb2+ 28. Ke3 Qxe2+ 29. Kxe2 Nc6 30. Rf4 Ne5 31. h5 d5 32. Bd3 Rc3 33. Rd4 Rxd3 34. Rxd3 Nxd3 35. Kxd3 gxh5 36. Rxh5 e6 37. Rh2 Rb8 38. Kc3 Kg7 39. Ra2 Rb6 40. Ra4 Kg6 41. Kd4 Rxb3 42. Rxa6 Rg3 43. Ke5 Rxg4 44. Ra8 Re4+ 45. Kd6 d4 46. Rg8+ Kf6 47. Rh8 d3 48. Rh1 Rd4+ 49. Kc5 e5 50. Rf1+ Ke6 51. Rh1 d2 52. Rd1 Rd8 53. Kc4 e4 54. Kc3 e3 55. Kc2 e2 56. Rxd2 Rxd2+ 57. Kxd2 Kf5 58. Kxe2 Kg4 59. Kf2 f6 60. Kg2 Kf4 61. Kf2 f5 62. Kf1 Kf3 63. Kg1 Ke2 64. Kg2 f4 65. Kh3 f3 66. Kg4 f2 0-1


[Site "https://www.chess.com"]

[Event "Titled Tuesday Blitz June 28 Late 2022"]
[White "Xie, Bryan"]
[Black "Capp, Stephen"]
[WhiteFideId "30941296"]
[BlackFideId "2027089"]
[WhiteElo "1899"]
[BlackElo "2157"]
[Result "1-0"]
[Round "06"]
[TimeControl "180+1"]
[Date "2022.06.29"]
[WhiteClock "0:00:54"]
[BlackClock "0:01:29"]

1. e4 e5 2. Nf3 d5 3. exd5 Bd6 4. Nc3 Nf6 5. d4 e4 6. Nd2 O-O 7. Be2 Bf5 8. g4 Bg6 9. h4 e3 10. fxe3 Bg3+ 11. Kf1 Nxd5 12. Nxd5 Qxd5 13. Bf3 Qe6 14. h5 Qxe3 15. Ne4 Bxe4 16. Bxe3 1-0


[Site "https://www.chess.com"]

[Event "Titled Tuesday Blitz June 28 Late 2022"]
[White "Yaksin, Oleg"]
[Black "Fernandez Sanchez, Mario Andres"]
[WhiteFideId "24105880"]
[BlackFideId "6501621"]
[WhiteElo "2640"]
[BlackElo "2261"]
[Result "1-0"]
[Round "06"]
[TimeControl "180+1"]
[Date "2022.06.29"]
[WhiteClock "0:00:10"]
[BlackClock "0:00:07"]

1. d4 d5 2. c4 c6 3. cxd5 cxd5 4. Bg5 Nc6 5. Nc3 Nf6 6. Bxf6 exf6 7. e3 Be6 8. Nge2 Bb4 9. g3 O-O 10. Bg2 Qd7 11. O-O Rad8 12. Qb3 a5 13. Rac1 g5 14. Na4 Bg4 15. Nec3 Bxc3 16. Rxc3 Ne7 17. Nb6 Qe6 18. Rfc1 f5 19. Rc5 f4 20. Nxd5 f3 21. Nxe7+ Qxe7 22. Bf1 Be6 23. Qb5 h6 24. a3 Qf6 25. Qxa5 Qg6 26. Qb6 Qh5 27. Re5 Bh3 28. Bd3 Rc8 29. Rxc8 Rxc8 30. Rc5 Rxc5 31. Qxc5 Be6 32. Qe5 Qh3 33. Bf1 Qg4 34. d5 Bd7 35. h3 Qa4 36. Qe7 Kg7 37. Qe5+ Kg8 38. Qd4 Qxd4 39. exd4 Kf8 40. Bd3 Ke7 41. Be4 g4 42. hxg4 Bxg4 43. d6+ Kxd6 44. Bxb7 h5 45. Be4 f5 46. Bb7 f4 47. gxf4 h4 48. Kh2 Bd7 49. Bxf3 Ke6 50. b4 Ke7 51. d5 Kd6 52. Be4 Bc8 53. f3 Bd7 54. Kg2 Bc8 55. f5 Ke5 56. Kh3 Kf4 57. Kxh4 Bd7 58. Kh5 Be8+ 59. Kh6 Bd7 60. Kg7 Ke5 61. f6 Kd4 62. f7 Kc3 63. f8=Q Kb2 64. Qd6 Bh3 65. f4 Ka1 66. b5 Bg4 67. Qc5 Bd1 68. Qc1+ Ka2 69. Qd2+ Ka1 70. Qxd1+ Kb2 71. Qc2+ 1-0


[Site "https://www.chess.com"]

[Event "Titled Tuesday Blitz June 28 Late 2022"]
[White "Yeshchenko, Uliana"]
[Black "Munoz, Francisco Javier"]
[WhiteFideId "14187272"]
[BlackFideId "128368"]
[WhiteElo "1890"]
[BlackElo "2383"]
[Result "0-1"]
[Round "06"]
[TimeControl "180+1"]
[Date "2022.06.29"]
[WhiteClock "0:00:14"]
[BlackClock "0:00:24"]

1. d4 d5 2. c4 e6 3. Nc3 Nf6 4. cxd5 exd5 5. Bg5 c6 6. e3 Be7 7. Qc2 Nbd7 8. Bd3 Nh5 9. Bxe7 Qxe7 10. Nge2 Nb6 11. h3 Be6 12. g4 Nf6 13. Nf4 O-O-O 14. O-O-O Kb8 15. Kb1 Bc8 16. Rde1 g5 17. Nfe2 h5 18. gxh5 Rxh5 19. Bf5 Rdh8 20. Ng3 Bxf5 21. Qxf5 Rh4 22. Qxg5 Nc4 23. Qf5 Qb4 24. Nd1 Ne8 25. Qd3 Rxh3 26. a3 Qb5 27. Ka2 Ned6 28. b3 Nxa3 29. Qxb5 Naxb5 30. Rxh3 Rxh3 31. Kb2 Rh2 32. Kc2 f5 33. Kd3 Ne4 34. Nxf5 Nxf2+ 35. Nxf2 Rxf2 36. Ne7 Rb2 37. e4 Rxb3+ 38. Kc2 Nxd4+ 39. Kc1 dxe4 40. Rxe4 Nb5 41. Ng8 a5 42. Nf6 Rb4 43. Re8+ Ka7 44. Nd7 a4 45. Re7 a3 46. Ne5 Ka6 47. Kc2 a2 48. Nxc6 bxc6 49. Re8 a1=Q 50. Ra8+ Na7 0-1


[Site "https://www.chess.com"]

[Event "Titled Tuesday Blitz June 28 Late 2022"]
[White "Yoo, Christopher Woojin"]
[Black "Jorajuria Mendoza, Algol"]
[WhiteFideId "30909694"]
[BlackFideId "5128897"]
[WhiteElo "2105"]
[BlackElo "1600"]
[Result "1-0"]
[Round "06"]
[TimeControl "180+1"]
[Date "2022.06.28"]
[WhiteClock "0:00:35"]
[BlackClock "0:00:01"]

1. e4 c5 2. Nf3 Nc6 3. b4 Nxb4 4. c3 Nc6 5. d4 cxd4 6. cxd4 g6 7. Bc4 Bg7 8. O-O e6 9. Nc3 Nge7 10. e5 O-O 11. Ne4 d5 12. exd6 Nf5 13. Bg5 Qb6 14. Nf6+ Kh8 15. d7 Ncxd4 16. Ne5 Qc7 17. Ne8 Qxe5 18. d8=Q Nc6 19. Bf6 Qc5 20. Nxg7 Nxg7 21. Q1d6 1-0


[Site "https://www.chess.com"]

[Event "Titled Tuesday Blitz June 28 Late 2022"]
[White "Yuan, Qingyu"]
[Black "Terry, Renato"]
[WhiteFideId "8609772"]
[BlackFideId "3803457"]
[WhiteElo "2359"]
[BlackElo "2577"]
[Result "1-0"]
[Round "06"]
[TimeControl "180+1"]
[Date "2022.06.28"]
[WhiteClock "0:00:13"]
[BlackClock "0:00:12"]

1. e4 e6 2. d4 d5 3. e5 c5 4. c3 Qb6 5. Nf3 Bd7 6. Be2 cxd4 7. cxd4 Bb5 8. Nc3 Bxe2 9. Nxe2 Bb4+ 10. Bd2 Nc6 11. O-O Bxd2 12. Qxd2 Nge7 13. Rab1 Na5 14. Rfc1 O-O 15. b3 Rac8 16. h4 Nac6 17. h5 h6 18. Rc3 Nb8 19. Rbc1 Nd7 20. Qd3 Rxc3 21. Rxc3 Rc8 22. g4 Rxc3 23. Qxc3 Nc6 24. g5 Qb4 25. Qc1 hxg5 26. Qxg5 Qe7 27. Qg4 Kh8 28. Ng5 Nf8 29. Kg2 f6 30. Nf3 Qf7 31. Nf4 Ne7 32. Nh4 Kh7 33. Nhg6 fxe5 34. dxe5 Nd7 35. Nxe6 Qf5 36. Qxf5 Nxf5 37. Kf3 d4 38. Kg4 d3 39. Ng5+ Kg8 40. Ne4 Nd4 41. Nf4 Kf7 42. Nxd3 Ke6 43. f4 b6 44. Kg5 Kd5 45. Ng3 Ne6+ 46. Kg6 Kd4 47. f5 Nef8+ 48. Kf7 Kxd3 49. e6 Kd4 50. exd7 Nxd7 51. Kxg7 Ke5 52. h6 Nf6 53. h7 Nxh7 54. Kxh7 Kf6 55. Kh6 b5 56. Kh5 a5 57. Kh6 a4 58. b4 a3 59. Kh5 Ke5 60. Kg6 Kd4 61. f6 Kc3 62. f7 Kb2 63. f8=Q Kxa2 64. Qc5 Kb2 65. Qxb5 a2 66. Qa5 a1=Q 67. Qe5+ 1-0


[Site "https://www.chess.com"]

[Event "Titled Tuesday Blitz June 28 Late 2022"]
[White "Yurasova, Daria"]
[Black "Brodowski, Piotr"]
[WhiteFideId "34146919"]
[BlackFideId "1124480"]
[WhiteElo "2021"]
[BlackElo "2431"]
[Result "0-1"]
[Round "06"]
[TimeControl "180+1"]
[Date "2022.06.29"]
[WhiteClock "0:00:32"]
[BlackClock "0:02:05"]

1. e4 c5 2. Nf3 g6 3. d4 Bg7 4. c3 cxd4 5. Nxd4 Nc6 6. Nc2 Nf6 7. Bd3 O-O 8. O-O d5 9. exd5 Nxd5 10. Be4 Nb6 11. Qxd8 Rxd8 12. Be3 Nc4 13. Bc1 Be6 14. Nba3 Nd6 15. Bf3 Ne5 16. Be2 Rac8 17. Be3 a6 18. Bb6 Re8 19. Rfd1 Bc4 20. Nxc4 Nexc4 21. Bd4 Nxb2 22. Rdb1 Na4 23. c4 Nc3 24. Re1 Nxe2+ 25. Rxe2 Rxc4 26. Bf6 0-1


[Site "https://www.chess.com"]